Map: Usina Ácida LE

Players

IagoAbreu - Winner!

  • Race: Zerg Zerg
  • League: Gold
  • Spawn Location: 5:00

JOY

  • Race: Protoss Protoss
  • League: Silver
  • Spawn Location: 11:00

VOD

Have the link to the VOD?

Description

Time

  • Played on: May 14, 2018, 1:14 p.m.
  • Length: 15:12
Show
View Real Time Build Order
Export as new Build Order

IagoAbreu Zerg - Winner!

Build Orders: Pool First 

Get SALT Encoding   

  12  0:02  Drone  
  13  0:12  Overlord  
  13  0:17  Drone  
  14  0:22  Extractor  
  14  0:23  Drone  
  14  0:32  Evolution Chamber  
  14  0:35  Drone  
  14  0:40  Drone  
  15  0:45  Drone  
  16  1:01  Spawning Pool  
  16  1:04  Drone  
  16  1:12  Drone  
  16  1:17  Drone  
  18  1:37  Hatchery  
  17  1:47  Queen  
  17  1:50  Drone  
  20  1:54  Drone  
  21  2:02  Drone  
  21  2:05  Overlord  
  22  2:17  Extractor  
  22  2:18  Drone  
  22  2:43  Drone x2  
  24  2:46  Zerg Missile Weapons Level 1  
  24  2:49  Queen  
  26  2:51  Drone  
  27  3:02  Drone x2  
  27  3:04  Drone  
  30  3:13  Drone, Roach Warren  
  30  3:42  Drone x2  
  30  3:43  Drone  
  33  3:49  Drone  
  33  3:50  Drone x2  
  33  3:52  Overlord x3  
  36  3:58  Overlord  
  36  4:07  Extractor  
  36  4:09  Extractor  
  34  4:13  Roach x4  
  34  4:14  Roach x3  
  48  4:25  Lair  
  48  4:28  Burrow  
  48  4:47  Zerg Ground Armor Level 1  
  48  4:51  Drone x3  
  48  4:52  Drone x2  
  53  5:05  Overlord x2  
  53  5:06  Overlord  
  53  5:07  Roach  
  55  5:10  Roach  
  55  5:12  Roach  
  59  5:16  Roach  
  63  5:21  Ravager x4  
  63  5:24  Ravager x2  
  67  5:43  Roach x6  
  79  5:52  Overlord x2  
  79  5:56  Roach  
  81  6:00  Drone x2  
  83  6:10  Overseer  
  83  6:11  Overseer  
  83  6:15  Overseer  
  83  6:30  Drone  
  83  6:31  Drone x3  
  86  7:05  Hydralisk Den  
  85  7:21  Overseer  
  85  7:30  Queen  
  85  7:32  Queen  
  89  7:37  Hatchery, Hydralisk x6  
  89  7:39  Overlord x2  
  89  7:40  Overlord x2  
  100  7:45  Spire  
  100  7:46  Drone  
  100  7:57  Zerg Missile Weapons Level 2  
  100  8:00  Grooved Spines  
  100  8:08  Overseer  
  100  8:32  Hydralisk  
  100  8:33  Hydralisk x6  
  100  8:34  Hydralisk x3  
  120  8:59  Overseer  
  120  9:01  Overseer  
  120  9:06  Mutalisk x4  
  120  9:07  Mutalisk x3  
  134  10:11  Extractor  
  134  10:12  Drone x5, Extractor  
  134  10:13  Drone  
  138  10:35  Overlord x4  
  138  10:36  Overlord  
  138  10:54  Zerg Flyer Weapons Level 1  
  138  11:01  Corruptor x4  
  138  11:02  Mutalisk x4  
  138  11:03  Mutalisk x3, Corruptor  
  162  11:30  Drone  
  162  11:31  Drone x3  
  166  11:38  Zergling x8  
  170  11:46  Zerg Ground Armor Level 2  
  170  11:49  Overlord x3  
  170  11:51  Overlord  
  170  12:11  Mutalisk  
  170  12:12  Mutalisk x2  
  176  12:16  Mutalisk x5  
  176  12:19  Zergling x10  
  187  13:05  Mutalisk  
  187  13:06  Mutalisk x5  
  183  13:25  Mutalisk x5  
  172  13:50  Mutalisk x3  
  172  13:51  Mutalisk  
  168  14:20  Corruptor x3  
Show
View Real Time Build Order
Export as new Build Order

JOY Protoss 

Build Orders:  

Get SALT Encoding   

  1  0:00  Probe  
  12  0:06  Probe  
  14  0:18  Pylon  
  14  0:20  Probe  
  15  0:36  Probe  
  15  0:38  Gateway  
  16  0:52  Pylon  
  16  0:53  Probe  
  17  1:04  Probe  
  18  1:13  Probe  
  18  1:15  Forge  
  19  1:23  Gateway  
  19  1:29  Probe  
  20  1:34  Assimilator  
  20  1:49  Photon Cannon  
  20  1:55  Gateway  
  20  1:58  Photon Cannon  
  20  2:00  Probe  
  20  2:08  Probe  
  21  2:10  Assimilator  
  22  2:17  Cybernetics Core  
  22  2:18  Probe  
  23  2:51  Nexus  
  23  2:54  Pylon  
  23  3:01  Probe  
  24  3:09  Probe  
  24  3:16  Stalker  
  24  3:19  Probe  
  28  3:30  Stalker  
  30  3:34  Stalker  
  32  4:05  Stargate  
  32  4:30  Pylon  
  32  4:34  Pylon  
  32  4:38  Zealot x2, Probe  
  36  4:45  Assimilator  
  37  4:46  Probe  
  37  4:50  Assimilator  
  38  4:54  Pylon  
  38  4:55  Probe  
  38  4:57  Probe  
  38  4:59  Pylon  
  39  5:05  Oracle, Probe  
  43  5:08  Stargate, Probe  
  45  5:15  Probe  
  45  5:20  Probe  
  47  5:21  Photon Cannon  
  47  5:24  Photon Cannon  
  47  5:27  Photon Cannon, Probe  
  48  5:33  Probe  
  48  5:36  Probe  
  48  5:41  Probe  
  50  5:44  Probe  
  52  5:51  Probe  
  52  5:53  Probe  
  54  6:03  Probe  
  55  6:06  Probe  
  55  6:09  Protoss Air Weapons Level 1  
  56  6:12  Void Ray x2  
  56  6:15  Probe  
  56  6:18  Probe  
  66  7:06  Photon Cannon  
  66  7:09  Photon Cannon  
  66  7:13  Photon Cannon  
  66  7:15  Pylon  
  66  7:17  Pylon  
  66  7:21  Oracle  
  66  7:22  Void Ray  
  73  7:52  Robotics Facility  
  73  7:55  Robotics Facility  
  73  7:56  Robotics Facility  
  73  8:02  Fleet Beacon  
  73  8:19  Protoss Shields Level 1  
  73  8:26  Cybernetics Core  
  73  8:33  Forge  
  73  8:37  Void Ray x2  
  73  8:38  Stargate  
  81  8:45  Observer x2  
  81  8:46  Observer  
  84  9:07  Observer x3  
  87  9:30  Robotics Bay  
  87  10:42  Colossus x2  
  99  10:57  Graviton Catapult  
  99  11:05  Stargate  
  99  11:07  Extended Thermal Lance  
  99  11:12  Protoss Ground Weapons Level 1  
  99  11:22  Twilight Council  
  99  11:45  Assimilator  
  99  11:46  Pylon x3  
  99  11:47  Assimilator  
  99  11:48  Pylon  
  99  11:49  Pylon x2  
  99  11:53  Nexus  
  99  12:03  Colossus  
  99  12:04  Colossus x2  
  99  12:06  Pylon  
  117  12:09  Pylon  
  117  12:10  Pylon  
  117  12:18  Carrier x2  
  128  12:49  Photon Cannon  
  128  12:51  Photon Cannon  
  128  12:54  Photon Cannon  
  65  14:03  Colossus x3  
Tags
 
Add a new tag
Caveats
  • Supply blocks, unpowered buildings, or Contaminate may cause inaccurate times.
  • Supply counts are checked every 10 seconds.